 Dungeon Crawl Stone Soup version 0.30.0-5-g1a98f26d00 (webtiles) character file.

Game seed: 7335663125936784549

10547 retardedninja the Thaumaturge (level 11, -2/83 HPs)
             Began as a Gnoll Fire Elementalist on May 10, 2023.
             Was an Elder of Cheibriados.
             Slain by an eight-headed hydra (13 damage)
             ... on level 2 of the Lair of Beasts.
             The game lasted 00:18:22 (14557 turns).

retardedninja the Thaumaturge (GnFE)               Turns: 14557, Time: 00:18:23

Health: -2/83      AC: 10    Str: 17    XL:     11   Next: 63%
Magic:  15/23      EV: 18    Int: 30    God:    Cheibriados [****..]
Gold:   697        SH:  0    Dex: 22    Spells: 17/27 levels left

rFire   . . .        w - +1 halberd (heavy)
rCold   . . .        (shield currently unavailable)
rNeg    . . .        a - +2 robe
rPois   +            j - +0 helmet
rElec   .            (no cloak)
rCorr   .            (no gloves)
SInv    .            i - +1 pair of boots
Will    .....        (no amulet)
Stlth   ++++         v - ring of poison resistance
HPRegen 0.33/turn    (no ring)
MPRegen 0.18/turn

%: no passive effects
@: very slightly contaminated, very slow
A: fangs 1, strong nose, distributed training, iridescent scales 1, wild magic 1
a: Renounce Religion, Bend Time, Temporal Distortion, Slouch


You were on level 2 of the Lair of Beasts.
You worshipped Cheibriados.
Cheibriados was greatly pleased with you.
You visited 3 branches of the dungeon, and saw 12 of its levels.

You collected 697 gold pieces.

Inventory:

Hand Weapons
 w - a +1 heavy halberd (weapon)
Missiles
 s - 4 throwing nets
Armour
 a - a +2 robe (worn)
 i - a +1 pair of boots (worn)
 j - a +0 helmet (worn)
Jewellery
 v - a ring of poison resistance (left hand)
Wands
 k - a wand of flame (13)
 t - a wand of mindburst (1)
 A - a wand of digging (8)
 D - a wand of roots (5)
Scrolls
 f - a scroll of magic mapping
 g - 6 scrolls of teleportation
 h - a scroll of torment
 m - a scroll of identify
 n - a scroll of fear {unknown}
 p - 3 scrolls of fog
 u - 2 scrolls of amnesia
Potions
 b - 2 potions of magic
 c - 2 potions of attraction
 e - a potion of berserk rage
 l - 2 potions of curing
 o - 2 potions of brilliance
 q - a potion of mutation
 r - 5 potions of cancellation
 x - 5 potions of heal wounds
 z - a potion of degeneration {unknown}
 C - a potion of flight {unknown}


   Skills:
 + Level 6.7 Fighting
 + Level 6.7 Short Blades
 + Level 6.7 Long Blades
 + Level 6.7 Axes
 + Level 6.7 Maces & Flails
 + Level 6.7 Polearms
 + Level 6.7 Staves
 + Level 6.7 Ranged Weapons
 + Level 6.7 Throwing
 + Level 6.7 Armour
 + Level 8.2 Dodging
 + Level 8.0 Stealth
 + Level 6.7 Shields
 + Level 6.7 Unarmed Combat
 + Level 8.5 Spellcasting
 + Level 6.0 Conjurations
 + Level 5.5 Hexes
 + Level 5.5 Summonings
 + Level 5.5 Necromancy
 + Level 5.5 Translocations
 + Level 5.5 Transmutations
 + Level 7.9 Fire Magic
 + Level 5.5 Ice Magic
 + Level 5.5 Air Magic
 + Level 5.5 Earth Magic
 + Level 5.5 Poison Magic
 + Level 7.4 Invocations
 + Level 6.7 Evocations


You had 17 spell levels left.
You knew the following spells:

 Your Spells              Type           Power      Damage    Failure   Level
a - Foxfire               Conj/Fire      100%       2x1d9     1%          1
b - Scorch                Fire           100%       2d9       1%          2
c - Flame Wave            Conj/Fire      63%        2d15      4%          4
d - Inner Flame           Hex/Fire       62%        N/A       1%          3

Your spell library contained the following spells:

 Spells                   Type           Power      Damage    Failure   Level
 Beastly Appendage        Tmut           100%       N/A       1%          1
 Shock                    Conj/Air       100%       1d9       1%          1
 Ensorcelled Hibernation  Hex/Ice        100%       N/A       1%          2
 Lesser Beckoning         Tloc           100%       N/A       1%          2
 Passwall                 Tmut/Erth      46%        N/A       1%          2
 Wereblood                Tmut           56%        N/A       1%          2
 Volatile Blastmotes      Fire/Tloc      100%       2d18      1%          3
 Gell's Gravitas          Tloc           56%        N/A       2%          3
 Spider Form              Tmut/Pois      56%        N/A       2%          3
 Swiftness                Air            56%        N/A       2%          3
 Teleport Other           Tloc           56%        N/A       2%          3
 Airstrike                Air            28%        2d(4-20)  7%          4
 Anguish                  Hex/Necr       28%        N/A       7%          4
 Animate Armour           Summ/Erth      100%       N/A       7%          4
 Blade Hands              Tmut           28%        N/A       17%         5
 Iron Shot                Conj/Erth      29%        9d6       58%         6
 Dispersal                Tloc           28%        N/A       63%         6
 Enfeeble                 Hex            28%        N/A       99%         7


Dungeon Overview and Level Annotations

Branches:
Dungeon (9/15)             Temple (1/1) D:4            Lair (2/5) D:9
  Snake (0/4) Lair:2
  Swamp: Lair:2-3    Shoals: Lair:2-3       Orc: D:9-12

Altars:
Ashenzari
Cheibriados
Dithmenos
Fedhas
Gozag
Hepliaklqana
Kikubaaqudgha
Makhleb
Nemelex Xobeh
Okawaru
Qazlal
Ru
Sif Muna
Trog
Uskayaw
Wu Jian
Xom
Yredelemnul
Zin
The Shining One

Shops:
D:5 *

Annotations:
D:2 1 runed translucent door, Crazy Yiuf
D:9 3 runed translucent doors, Edyrem's ghost, journeyman FoHu


Innate Abilities, Weirdness & Mutations

You have very sharp teeth.
Your uncanny sense of smell can sniff out nearby items.
Your experience applies equally to all skills.
You are partially covered in iridescent scales. (AC +2)
Your spells are a little harder to cast, but a little more powerful.


Message History

You hear a croak.
The cane toad completely misses you.
Unknown command.
You hit the cane toad but do no damage.
You bite the cane toad, but do no damage.
The cane toad is severely wounded.
The cane toad closely misses you. The cane toad completely misses you.
A bullfrog comes into view.
You barely miss the cane toad.
The cane toad is severely wounded.
The eight-headed hydra is no longer blind.
The cane toad closely misses you.
The cane toad stings you but does no damage.
You impale the cane toad!!
You kill the cane toad!
Cheibriados thoroughly appreciates the change of pace.
The bullfrog closely misses you.
You see here a cane toad corpse.
Casting: Foxfire (safe; 1% risk of failure)
Confirm with . or Enter, or press ? or * to list all spells.
Casting: Flame Wave (dangerous; 4% risk of failure)
Press: ? - help, Dir - look around, f - activate You miscast Flame Wave.
You are very lightly contaminated with residual magic.
Nothing appears to happen.
The bullfrog completely misses you. The bullfrog barely misses you.
The eight-headed hydra bites you.
The eight-headed hydra closely misses you.
The eight-headed hydra misses you. x2; The eight-headed hydra bites you!
The eight-headed hydra bites you.
The eight-headed hydra completely misses you.
The eight-headed hydra barely misses you.
The bullfrog hits you but does no damage.
The eight-headed hydra bites you!
* * * LOW HITPOINT WARNING * * *
The eight-headed hydra closely misses you.
The eight-headed hydra bites you!
* * * LOW HITPOINT WARNING * * *
The eight-headed hydra completely misses you.
The eight-headed hydra bites you!
You die...

#.#....##....##......#
.#.....#.............#
.#P.....#....##......#
.##....#.....#.......+
##...........##......#
##.....##....#.......###
.......##.###.#.........
.......#.+##.#..........
................@.......
................DF......
........)...............
........####....#.......
........# #.#..##.......
##......# ##...# .......
#.#.....# ...## .......
..P...... P... .......
.........


You could see an eight-headed hydra and a bullfrog.

Vanquished Creatures
  A two-headed ogre (D:9)
  A salamander (Lair:2)
  Joseph (D:8)
  3 black mambas (Lair:1)
  A cane toad (Lair:2)
  A rime drake (Lair:2)
  A komodo dragon (Lair:2)
  2 hornets
  5 blink frogs (Lair:1)
  Sigmund (D:6)
  10 yaks
  2 wraiths (D:9)
  3 wyverns (D:9)
  3 steam dragons
  2 water moccasins
  An acid dragon (D:9)
  A sky beast (D:7)
  5 black bears
  3 ice beasts
  An orc warrior (D:8)
  4 centaurs
  2 ogres
  2 phantoms
  3 bullfrogs
  2 scorpions
  5 killer bees (D:9)
  2 howler monkeys
  2 lava snakes (Lair:2)
  5 orc priests
  2 gnoll boudas
  A sleepcap (D:6)
  3 iguanas (D:4)
  6 orc wizards
  Robin (D:2)
  12 gnolls
  10 adders
  A shadow imp (D:6)
  2 white imps
  2 ufetubi
  2 worms
  3 dart slugs
  38 orcs
  4 endoplasms
  6 giant cockroaches
  9 goblins
  8 hobgoblins
  5 jackals (D:2)
  5 kobolds
  4 quokkas
  10 ball pythons
  7 bats (D:4)
  4 frilled lizards
  7 rats
  A butterfly (Lair:1)
228 creatures vanquished.

Vanquished Creatures (others)
  880 foxfires
880 creatures vanquished.

Grand Total: 1108 creatures vanquished

Notes
Turn   | Place    | Note
-------+----------+-------------------------------------------
     0 | D:1      | retardedninja the Gnoll Fire Elementalist began the quest
                  | for the Orb.
     0 | D:1      | Reached XP level 1. HP: 13/13 MP: 6/6
   424 | D:1      | Reached XP level 2. HP: 19/19 MP: 2/7
  1090 | D:2      | Reached skill level 5 in Spellcasting
  1090 | D:2      | Reached XP level 3. HP: 20/25 MP: 3/9
  1114 | D:2      | Reached skill level 1 in Invocations
  1116 | D:2      | HP: 1/25 [poisoned by an adder]
  1227 | D:2      | Reached skill level 1 in Fighting
  1227 | D:2      | Reached skill level 1 in Short Blades
  1227 | D:2      | Reached skill level 1 in Long Blades
  1227 | D:2      | Reached skill level 1 in Axes
  1227 | D:2      | Reached skill level 1 in Maces & Flails
  1227 | D:2      | Reached skill level 1 in Polearms
  1227 | D:2      | Reached skill level 1 in Staves
  1227 | D:2      | Reached skill level 1 in Ranged Weapons
  1227 | D:2      | Reached skill level 1 in Throwing
  1227 | D:2      | Reached skill level 1 in Armour
  1227 | D:2      | Reached skill level 1 in Shields
  1227 | D:2      | Reached skill level 1 in Unarmed Combat
  1227 | D:2      | Reached skill level 1 in Evocations
  1230 | D:2      | Learned a level 2 spell: Scorch
  1252 | D:2      | Reached XP level 4. HP: 32/32 MP: 8/11
  1551 | D:2      | Noticed Robin
  1554 | D:2      | Reached skill level 1 in Hexes
  1554 | D:2      | Reached skill level 1 in Summonings
  1554 | D:2      | Reached skill level 1 in Necromancy
  1554 | D:2      | Reached skill level 1 in Translocations
  1554 | D:2      | Reached skill level 1 in Transmutations
  1554 | D:2      | Reached skill level 1 in Ice Magic
  1554 | D:2      | Reached skill level 1 in Air Magic
  1554 | D:2      | Reached skill level 1 in Earth Magic
  1554 | D:2      | Reached skill level 1 in Poison Magic
  1564 | D:2      | Killed Robin
  1865 | D:2      | Found a runed translucent door.
  1866 | D:2      | Noticed Crazy Yiuf
  2685 | D:3      | Reached XP level 5. HP: 37/37 MP: 9/12
  3174 | D:4      | Noticed a phantom
  3189 | D:3      | Killed a phantom
  3365 | D:3      | Reached XP level 6. HP: 30/44 MP: 6/13
  3627 | D:4      | Reached skill level 5 in Dodging
  4271 | D:4      | Found a staircase to the Ecumenical Temple.
  4339 | D:4      | Noticed a black bear
  4361 | Temple   | Entered the Ecumenical Temple
  4389 | Temple   | Became a worshipper of Cheibriados the Contemplative
  4577 | D:4      | Killed a black bear
  4770 | D:4      | Reached XP level 7. HP: 38/50 MP: 10/15
  5356 | D:5      | Entered Level 5 of the Dungeon
  5392 | D:5      | Reached * piety under Cheibriados
  5791 | D:5      | Found a sparkling altar of Nemelex Xobeh.
  5791 | D:5      | Found a stormy altar of Qazlal.
  5869 | D:5      | Reached skill level 5 in Stealth
  5922 | D:5      | Gained mutation: You are partially covered in iridescent
                  | scales. (AC +2) [potion of mutation]
  5922 | D:5      | Gained mutation: Your spells are a little harder to cast,
                  | but a little more powerful. [potion of mutation]
  6078 | D:5      | Reached XP level 8. HP: 39/58 MP: 8/16
  6464 | D:5      | Found Ejomukka's Gadget Gallery.
  6876 | D:6      | Noticed Sigmund
  6886 | D:6      | Killed Sigmund
  7103 | D:6      | Reached ** piety under Cheibriados
  8073 | D:6      | Found a glowing golden altar of the Shining One.
  8211 | D:6      | Reached XP level 9. HP: 24/65 MP: 7/18
  8545 | D:6      | Learned a level 4 spell: Flame Wave
  8549 | D:6      | Learned a level 3 spell: Inner Flame
  8727 | D:7      | Noticed a hornet
  8733 | D:7      | Paralysed by a hornet for 2 turns
  8738 | D:7      | Killed a hornet
  9098 | D:7      | Reached skill level 5 in Invocations
  9482 | D:8      | Reached *** piety under Cheibriados
  9743 | D:8      | Identified the +6 short sword "Ewkiasch" {heavy, rF+}
  9777 | D:8      | Noticed Joseph
  9784 | D:8      | Paralysed by Joseph for 5 turns
  9795 | D:8      | Killed Joseph
  9796 | D:8      | Reached skill level 5 in Fighting
  9796 | D:8      | Reached skill level 5 in Short Blades
  9796 | D:8      | Reached skill level 5 in Long Blades
  9796 | D:8      | Reached skill level 5 in Axes
  9796 | D:8      | Reached skill level 5 in Maces & Flails
  9796 | D:8      | Reached skill level 5 in Polearms
  9796 | D:8      | Reached skill level 5 in Staves
  9796 | D:8      | Reached skill level 5 in Ranged Weapons
  9796 | D:8      | Reached skill level 5 in Throwing
  9796 | D:8      | Reached skill level 5 in Armour
  9796 | D:8      | Reached skill level 5 in Shields
  9796 | D:8      | Reached skill level 5 in Unarmed Combat
  9796 | D:8      | Reached skill level 5 in Evocations
  9796 | D:8      | Reached XP level 10. HP: 66/74 MP: 6/20
 10472 | D:9      | Found a runed translucent gate.
 10473 | D:9      | Found a runed translucent gate.
 10475 | D:9      | Found a runed translucent gate.
 10567 | D:9      | Noticed a ten-headed hydra
 10567 | D:9      | Noticed Edyrem's ghost (journeyman FoHu)
 10593 | D:9      | Noticed a two-headed ogre
 10605 | D:9      | Killed a two-headed ogre
 10606 | D:9      | Reached skill level 5 in Conjurations
 10691 | D:9      | Paralysed by a hornet for 1 turns
 10784 | D:9      | Identified the +9 plate armour of Twilight {Harm rN++}
 10799 | D:9      | Reached **** piety under Cheibriados
 11368 | D:9      | Found a staircase to the Lair.
 12173 | Lair:1   | Entered Level 1 of the Lair of Beasts
 12235 | Lair:1   | Noticed a black mamba
 12247 | Lair:1   | Killed a black mamba
 12309 | Lair:1   | Reached skill level 5 in Hexes
 12309 | Lair:1   | Reached skill level 5 in Summonings
 12309 | Lair:1   | Reached skill level 5 in Necromancy
 12309 | Lair:1   | Reached skill level 5 in Translocations
 12309 | Lair:1   | Reached skill level 5 in Transmutations
 12309 | Lair:1   | Reached skill level 5 in Ice Magic
 12309 | Lair:1   | Reached skill level 5 in Air Magic
 12309 | Lair:1   | Reached skill level 5 in Earth Magic
 12309 | Lair:1   | Reached skill level 5 in Poison Magic
 12309 | Lair:1   | Reached XP level 11. HP: 32/81 MP: 5/22
 14102 | Lair:2   | Noticed a salamander
 14114 | Lair:2   | Killed a salamander
 14135 | Lair:2   | Found a staircase to the Snake Pit.
 14546 | Lair:2   | Noticed an eight-headed hydra
 14557 | Lair:2   | Slain by an eight-headed hydra

Illustrated notes

Levels and vault maps discovered:
D:1:      lightli_molten_gateway, layout_basic
D:2:      layout_basic, uniq_crazy_yiuf_cottage, uniq_robin
D:3:      layout_basic
D:4:      layout_loops_corners, minmay_temple_entry_glassed_door,
          roderic_batcave
D:5:      layout_loops_ring, gammafunk_temple_overflow_wave,
          nicolae_ossuary_entry_false_entrances, grunt_ministairs_4,
          nicolae_shop_gadgets
D:6:      layout_loops_corners, mainiacjoe_overflow_six_doors_small,
          minivault_5, uniq_sigmund
D:7:      layout_rooms, chequers_serial_rivers_micro_d
D:8:      layout_loops_ring, uniq_joseph
D:9:      layout_stronghold, lair_entry_dummy, gammafunk_ghost_hydra_chop
Temple:   bh_familiar_temple
Lair:1:   layout_cave_shapes, lemuel_fruit_fields
Lair:2:   cheibrodos_lair_river_kwai, layout_regular_city,
          nicolae_snake_entry_warm_welcome

Skill      XL: |  1  2  3  4  5  6  7  8  9 10 11 |
---------------+----------------------------------+-----
Conjurations   | 2 3 4 5 6 |  6.0
Spellcasting   | 5 6 7 8 |  8.5
Invocations    | 1 2 3 4 5 6 7 |  7.4
Fighting       | 1 2 3 5 6 |  6.7
Short Blades   | 1 2 3 5 6 |  6.7
Long Blades    | 1 2 3 5 6 |  6.7
Axes           | 1 2 3 5 6 |  6.7
Maces & Flails | 1 2 3 5 6 |  6.7
Polearms       | 1 2 3 5 6 |  6.7
Staves         | 1 2 3 5 6 |  6.7
Ranged Weapons | 1 2 3 5 6 |  6.7
Throwing       | 1 2 3 5 6 |  6.7
Armour         | 1 2 3 5 6 |  6.7
Shields        | 1 2 3 5 6 |  6.7
Unarmed Combat | 1 2 3 5 6 |  6.7
Evocations     | 1 2 3 5 6 |  6.7
Hexes          | 1 2 3 4 5 |  5.5
Summonings     | 1 2 3 4 5 |  5.5
Necromancy     | 1 2 3 4 5 |  5.5
Translocations | 1 2 3 4 5 |  5.5
Transmutations | 1 2 3 4 5 |  5.5
Ice Magic      | 1 2 3 4 5 |  5.5
Air Magic      | 1 2 3 4 5 |  5.5
Earth Magic    | 1 2 3 4 5 |  5.5
Poison Magic   | 1 2 3 4 5 |  5.5
Dodging        | 5 6 7 8 |  8.2
Stealth        | 5 6 7 8 |  8.0
Fire Magic     | 6 7 |  7.9

Action                     |  1- 3 |  4- 6 |  7- 9 | 10-12 || total
---------------------------+-------+-------+-------+-------++-------
  Melee: Mace              |    11 |    14 |       |       ||    25
         Bite              |       |     1 |     2 |     3 ||     6
         Spear             |       |     1 |    15 |       ||    16
         Trident           |       |       |     3 |       ||     3
         Halberd           |       |       |     4 |     7 ||    11
   Cast: Foxfire           |    49 |   143 |   161 |   167 ||   520
         Scorch            |       |    16 |    78 |    27 ||   121
         Flame Wave        |       |       |       |     8 ||     8
  Evoke: Wand              |       |       |     5 |     8 ||    13
    Use: Potion            |     2 |       |     5 |       ||     7
         Scroll            |       |       |    10 |     8 ||    18
   Stab: Sleeping          |       |       |     1 |       ||     1
 Armour: Robe              |     3 |    10 |    32 |    42 ||    87
         Skin              |       |       |    49 |       ||    49
  Dodge: Dodged            |    32 |    40 |   127 |   177 ||   376
